 Dungeon Crawl Stone Soup version 0.22.1-2-g9c5b331 (webtiles) character file.

153 diana the Ruffian (level 5, -12/27 HPs)
             Began as a Vine Stalker Gladiator on Nov 20, 2018.
             Killed by divine providence
             ... invoked by an orc priest
              (15 damage)
             ... on level 3 of the Dungeon.
             The game lasted 00:04:00 (3038 turns).

diana the Ruffian (Vine Stalker Gladiator)          Turns: 3038, Time: 00:04:02

Health: -12/27     AC:  4    Str: 17    XL:     5   Next: 35%
Magic:  0/6        EV: 12    Int:  8    God:
Gold:   79         SH:  3    Dex: 16    Spells: 4/4 levels left

rFire    . . .     SeeInvis .     - Unarmed
rCold    . . .     Gourm    .   m - +0 buckler
rNeg     . . .     Faith    .   a - +0 leather armour
rPois    .         Spirit   +   b - +0 helmet
rElec    .         Reflect  .   (no cloak)
rCorr    .         Harm     +   (no gloves)
MR       .....                  (no boots)
Stlth    +.........             i - amulet of harm
HPRegen  0.49/turn              (no ring)
MPRegen  0.10/turn              (no ring)

@: no status effects
A: fangs 2, high mp 1, regeneration 1, magic shield, antimagic bite, no potion
heal 3, rot immunity
a: no special abilities


You were on level 3 of the Dungeon.
You were not hungry.

You visited 1 branch of the dungeon, and saw 3 of its levels.

You collected 79 gold pieces.

Inventory:

Missiles
 c - 3 throwing nets (quivered)
Armour
 a - a +0 leather armour (worn)
 b - a +0 helmet (worn)
 m - a +0 buckler (worn)
Jewellery
 i - an amulet of harm (around neck)
Scrolls
 e - 2 scrolls of identify {unknown}
 f - 2 scrolls of enchant weapon {unknown}
 g - a scroll of enchant armour {unknown}
 h - a scroll of magic mapping {unknown}
 j - a scroll of amnesia {unknown}
 k - a scroll of random uselessness {unknown}
 l - a scroll of blinking {unknown}
Comestibles
 d - 4 rations
 n - 4 chunks of flesh


   Skills:
 + Level 2.5 Fighting
 - Level 1.7 Throwing
 - Level 1.0 Armour
 - Level 2.4 Dodging
 - Level 0.5 Stealth
 * Level 5.2 Unarmed Combat


You had 4 spell levels left.
You didn't know any spells.
Your spell library was empty.

Dungeon Overview and Level Annotations

Branches:
Dungeon (3/15)

Altars:
Ashenzari
Elyvilon


Innate Abilities, Weirdness & Mutations

You have extremely sharp teeth.
Your natural rate of healing is unusually fast.
When hurt, damage is shared between your health and your magic reserves.
Your bite disrupts and absorbs the magic of your enemies.
Potions cannot restore your health.
You are immune to rotting.
You have an increased reservoir of magic. (+10% MP)


Message History

You feel invigorated.
The orc priest is severely wounded.
The orc priest hits you with a flail!
* * * LOW HITPOINT WARNING * * *
You hit the orc priest.
You bite the orc priest, but do no damage.
The orc priest is severely wounded.
The orc priest completely misses you.
You hit the orc priest. Your bite misses the orc priest.
The orc priest is almost dead.
You barely miss the orc priest. Your bite misses the orc priest.
The orc priest is almost dead.
The orc priest closely misses you.
You hit the orc priest.
You bite the orc priest, but do no damage.
The orc priest is almost dead.
The orc priest invokes the aid of Beogh against you.
Beogh smites you!
Ouch! That really hurt!
You die...

###### ..
#.....# ###.
..?....#...
..........##
...........##
............#
.......o....#
.......@....#
............#
#...........#
###.........#
#.....<....#
..%..<......>..
##...........##
..........!..#
###..........#


You could see an orc priest.

Vanquished Creatures
  Terence (D:2)
  8 adders
  2 worms (D:2)
  3 dart slugs
  2 orcs (D:2)
  A ball python (D:1)
  3 giant cockroaches
  3 goblins
  7 hobgoblins
  A kobold (D:2)
  A quokka (D:1)
  7 bats
  3 frilled lizards
  3 rats
45 creatures vanquished.

Notes
Turn   | Place    | Note
-------+----------+-------------------------------------------
     0 | D:1      | diana the Vine Stalker Gladiator began the quest for the
                  | Orb.
     0 | D:1      | Reached XP level 1. HP: 11/11 MP: 2/2
   425 | D:1      | Reached XP level 2. HP: 14/15 MP: 1/3
  1048 | D:2      | Noticed Terence
  1303 | D:2      | Reached XP level 3. HP: 18/18 MP: 4/4
  1531 | D:2      | Reached skill level 4 in Unarmed Combat
  1543 | D:1      | Gained mutation: You have an increased reservoir of magic.
                  | (+10% MP) [potion of mutation]
  1543 | D:1      | Gained mutation: Your spells are a little easier to cast,
                  | but a little less powerful. [potion of mutation]
  1543 | D:1      | Lost mutation: Your spells are a little easier to cast, but
                  | a little less powerful. [potion of mutation]
  2187 | D:2      | Killed Terence
  2187 | D:2      | Gained mutation: Your natural rate of healing is unusually
                  | fast. [Vine Stalker growth]
  2187 | D:2      | Reached XP level 4. HP: 13/23 MP: 2/5
  2350 | D:2      | Reached skill level 1 in Armour
  2352 | D:2      | Found a white marble altar of Elyvilon.
  2353 | D:2      | Found a shattered altar of Ashenzari.
  2586 | D:2      | Reached XP level 5. HP: 26/26 MP: 6/6
  2941 | D:2      | Reached skill level 5 in Unarmed Combat
  3038 | D:3      | Killed from afar by an orc priest

Skill      XL: |  1  2  3  4  5 |
---------------+----------------+-----
Unarmed Combat | 4 5 |  5.2
Fighting       | 2 |  2.5
Armour         | 1 |  1.0
Throwing       | |  1.7
Dodging        | |  2.4
Stealth        | |  0.5

Action                   |  1- 3 |  4- 6 || total
-------------------------+-------+-------++-------
Melee: Unarmed           |   105 |    81 ||   186
       Bite              |    32 |    23 ||    55
       Punch             |       |     1 ||     1
  Use: Potion            |     2 |       ||     2
 Stab: Sleeping          |     1 |     2 ||     3
  Eat: Ration            |     1 |       ||     1
       Chunk             |       |     3 ||     3
Armor: Leather armour    |    37 |    20 ||    57
Dodge: Dodged            |   103 |    58 ||   161
Block: Buckler           |       |     9 ||     9
